 Dungeon Crawl Stone Soup version 0.30.0-20-g3615ddf2f0 (webtiles) character file.

Game seed: 10073084099564401149

247 qw the Chopper (level 6, 0/39 HPs)
             Began as a Gargoyle Fighter on May 29, 2023.
             Was an Initiate of Okawaru.
             Slain by a gnoll
             ... wielding a +0 spear
             ... led by a gnoll sergeant
              (5 damage)
             ... on level 7 of the Dungeon.
             The game lasted 00:01:18 (2558 turns).

qw the Chopper (Gargoyle Fighter)                   Turns: 2558, Time: 00:01:19

Health: 0/39       AC: 14    Str: 22    XL:     6   Next: 11%
Magic:  6/6        EV:  9    Int:  8    God:    Okawaru [......]
Gold:   145        SH:  4    Dex:  9    Spells: 5/5 levels left

rFire   . . .        Y - +1 war axe
rCold   . . .        c - +0 buckler
rNeg    + . .        b - +0 scale mail
rPois   inf          (no helmet)
rElec   +            (no cloak)
rCorr   .            (no gloves)
SInv    .            h - +2 pair of boots
Will    .....        (no amulet) Stlth
                     (no ring)
HPRegen 0.26/turn    (no ring)
MPRegen 0.10/turn

%: no passive effects
@: about to teleport
A: sickness immunity, AC +4, negative energy resistance 1, electricity
resistance, torment resistance 1, petrification resistance
a: Renounce Religion


You were on level 7 of the Dungeon.
You worshipped Okawaru.
Okawaru was noncommittal.
You visited 2 branches of the dungeon, and saw 6 of its levels.

You collected 145 gold pieces.


Innate Abilities, Weirdness & Mutations

You are immune to sickness and miasma.
Your stone body is resilient. (AC +4)
You are immune to poison.
You resist negative energy. (rN+)
You are resistant to electric shocks. (rElec)
You are resistant to unholy torment.
You are immune to petrification.


   Skills:
 - Level 4.6 Fighting
 - Level 5.0 Axes
 - Level 3.2 Armour
 + Level 0.0 Dodging
 - Level 3.2 Shields


You had 5 spell levels left.
You didn't know any spells.
Your spell library was empty.

Inventory:

Hand Weapons
 i - a +0 flail
 Y - a +1 war axe (weapon)
Armour
 b - a +0 scale mail (worn)
 c - a +0 buckler (worn)
 h - a +2 pair of boots (worn)
Scrolls
 a - a scroll of identify
Potions
 d - a potion of might
 j - a potion of curing {unknown}
 l - a potion of resistance
 m - a potion of heal wounds {unknown}
 n - a potion of berserk rage {unknown}
 o - a potion of brilliance {unknown}

Dungeon Overview and Level Annotations

Branches:
Dungeon (7/15)             Temple (1/1) D:7

Altars:
Ashenzari
Cheibriados
Dithmenos
Elyvilon
Fedhas
Gozag
Kikubaaqudgha
Nemelex Xobeh
Okawaru
Qazlal
Ru
Trog
Uskayaw
Vehumet
Wu Jian
Xom
Yredelemnul
Zin
The Shining One

Shops:
D:4 *

Annotations:
D:2 1 runed translucent door, Crazy Yiuf


Message History

A gnoll comes into view. It is wielding a +0 spear.
Enter note:
Enter note: A phantom comes into view.
Enter note: The gnoll sergeant hits you but does no damage.
The gnoll hits you but does no damage.
Enter note: You hit the gnoll.
The gnoll is moderately wounded.
You closely miss the gnoll. The gnoll sergeant barely misses you.
The gnoll completely misses you. You block the gnoll's attack.
The gnoll hits you with a +0 whip. The gnoll hits you but does no damage.
You completely miss the gnoll.
The gnoll is moderately wounded.
You slash the gnoll! You block the gnoll sergeant's attack.
The gnoll barely misses you. You block the gnoll's attack.
The gnoll hits you but does no damage. The gnoll hits you with a +0 club.
You barely miss the gnoll.
The gnoll is severely wounded.
You barely miss the gnoll.
The gnoll sergeant hits you from afar with a +0 trident!
The gnoll hits you but does no damage. The gnoll closely misses you.
The gnoll hits you but does no damage. x2
You barely miss the gnoll.
The gnoll is severely wounded.
You barely miss the gnoll.
The gnoll sergeant hits you but does no damage.
The gnoll hits you but does no damage. x5; The gnoll barely misses you.
The gnoll sergeant hits you from afar with a +0 trident!
The gnoll hits you from afar with a +0 spear.
The gnoll hits you from afar with a +0 spear!
2558 ||| READING scroll of teleportation.
As you read the scroll of teleportation, it crumbles to dust.
You feel strangely unstable. The gnoll sergeant barely misses you.
The gnoll barely misses you.
The gnoll hits you from afar with a +0 spear.
You die...

...##.#..#....#.#
...##..##....#..#
...##.....>.....#
#####..#....##..#
#.#....#..#.#######
#.#..#(#..........##
#..##...#...........
##........#..Wg.....
###.....##.@g......
#####....g.g.....
####...g.....
#.........
#.........
#.........
#######... ##.


You could see a phantom, a gnoll sergeant and 4 gnolls.

Vanquished Creatures
  A black bear (D:2)
  A scorpion (D:7)
  An adder (D:2)
  A shadow imp (D:7)
  A white imp (D:7)
  2 dart slugs
  An orc (D:2)
  7 bats
  3 endoplasms
  2 giant cockroaches (D:3)
  6 hobgoblins
  9 jackals
  4 kobolds
  6 quokkas
  6 ball pythons
  4 frilled lizards
  5 goblins
  7 rats
67 creatures vanquished.

Notes
Turn   | Place    | Note
-------+----------+-------------------------------------------
     0 | D:1      | qw the Gargoyle Fighter began the quest for the Orb.
     0 | D:1      | Reached XP level 1. HP: 14/14 MP: 1/1
     0 | D:1      | 0 ||| qw: Version: 0.2-a-101-gf424e7f
     0 | D:1      | 0 ||| qw: Game counter: 310
     0 | D:1      | 0 ||| qw: Always use a shield: true
     0 | D:1      | 0 ||| qw: God list: Okawaru
     0 | D:1      | 0 ||| qw: Allow faded altars: false
     0 | D:1      | 0 ||| qw: Do Orc after D:15 true
     0 | D:1      | 0 ||| qw: Do second Lair branch before Depths: true
     0 | D:1      | 0 ||| qw: Lair rune preference: random
     0 | D:1      | 0 ||| qw: Plans: Normal, Zot:1-4, Slime:5, God:TSO, Crypt,
                  | Tomb, Pan, Hells, Abyss, Win
     0 | D:1      | 0 ||| PLANNING D:1-11
    69 | D:1      | Reached skill level 2 in Axes
   121 | D:1      | Reached XP level 2. HP: 17/19 MP: 2/2
   400 | D:1      | Reached skill level 3 in Axes
   435 | D:1      | Reached XP level 3. HP: 23/23 MP: 3/3
   686 | D:1      | 686 ||| READING 2 scrolls labelled MENOPP KEFRI.
   687 | D:1      | 687 ||| READING scroll labelled IGHAUZ MEUWNEPA.
   688 | D:1      | 688 ||| READING scroll labelled HOMAUPHEDD.
   689 | D:1      | 689 ||| READING 2 scrolls labelled PYROISCH ENOV.
   690 | D:1      | 690 ||| READING scroll labelled REPLIY JITIG.
   691 | D:1      | 691 ||| DRINKING 2 dark potions.
   692 | D:1      | 692 ||| DROPPING scroll of vulnerability.
   693 | D:1      | 693 ||| DROPPING potion of flight.
   863 | D:2      | 863 ||| Stepping ~*~*~tactically~*~*~ (stealth).
  1139 | D:2      | Noticed a black bear
  1150 | D:2      | HP: 2/23 [black bear (5)]
  1151 | D:2      | Killed a black bear
  1152 | D:2      | Reached skill level 4 in Axes
  1152 | D:2      | Reached XP level 4. HP: 3/28 MP: 4/4
  1152 | D:2      | Reached XP level 5. HP: 3/32 MP: 5/5
  1303 | D:2      | 1303 ||| Stepping ~*~*~tactically~*~*~ (hiding).
  1452 | D:2      | 1452 ||| DROPPING +0 club.
  1536 | D:2      | Found a runed translucent door.
  1537 | D:2      | Noticed Crazy Yiuf
  1540 | D:2      | 1540 ||| UPGRADING to +2 pair of boots.
  1545 | D:2      | 1545 ||| READING scroll labelled RITAPUETHRYO.
  1597 | D:2      | 1597 ||| READING scroll labelled KUASOYKEUR.
  1598 | D:2      | 1598 ||| READING 3 scrolls of identify.
  1598 | D:2      | 1598 ||| IDENTIFYING fuming purple potion
  1599 | D:2      | 1599 ||| READING 2 scrolls of identify.
  1599 | D:2      | 1599 ||| IDENTIFYING lumpy silvery potion
  1600 | D:2      | 1600 ||| DROPPING potion of invisibility.
  1700 | D:3      | Found a faded altar of an unknown god.
  1806 | D:3      | Reached skill level 5 in Axes
  2156 | D:3      | 2156 ||| DROPPING orb of mayhem.
  2157 | D:3      | 2157 ||| READING scroll labelled RIX NUAXTUVEL.
  2158 | D:3      | 2158 ||| READING scroll labelled BEAFOI TURURE.
  2330 | D:4      | Found Esariam's Overcharged Wands.
  2331 | D:4      | 2331 ||| Stepping ~*~*~tactically~*~*~ (hiding).
  2340 | D:4      | You fall into a shaft and drop 3 floors!
  2385 | D:7      | 2385 ||| Stepping ~*~*~tactically~*~*~ (hiding).
  2387 | D:7      | 2387 ||| Stepping ~*~*~tactically~*~*~ (stealth).
  2491 | D:7      | Reached XP level 6. HP: 39/39 MP: 6/6
  2491 | D:7      | Found a staircase to the Ecumenical Temple.
  2492 | D:7      | 2492 ||| PLANNING TEMPLE
  2492 | D:7      | 2492 ||| READING scroll labelled YMNIMO ZO GUB.
  2493 | D:7      | 2493 ||| READING scroll labelled GUNNOR IF NEA.
  2502 | Temple   | Entered the Ecumenical Temple
  2503 | Temple   | 2503 ||| PLANNING OKAWARU WORSHIP
  2540 | Temple   | Became a worshipper of Warmaster Okawaru
  2540 | Temple   | 2540 ||| PLANNING D:1-11
  2557 | D:7      | HP: 5/39 [gnoll/+0 spear[a gnoll sergeant] (7)]
  2558 | D:7      | 2558 ||| READING scroll of teleportation.
  2558 | D:7      | Slain by a gnoll

Levels and vault maps discovered:
D:1:      dpeg_arrival_court, layout_loops_cross, minmay_heptomino_h4
D:2:      layout_rooms, uniq_crazy_yiuf_cottage
D:3:      layout_rooms, shapermc_ecumenical_altar_rom_forum, grunt_ministairs_4,
          minmay_misc_feat_roman
D:4:      layout_gridville, ebering_ghost_rock_garden, grunt_ministairs_13,
          nicolae_shop_overcharged_wands
D:7:      layout_basic, gammafunk_temple_overflow_forgotten,
          minmay_temple_entry_mini_moons, st_stairs_14
Temple:   hellmonk_temple_of_storms

Skill      XL: |  1  2  3  4  5 |
---------------+----------------+-----
Axes           | 2 3 4 5 |  5.0
Fighting       | 4 |  4.6
Armour         | |  3.2
Shields        | |  3.2

Action                     |  1- 3 |  4- 6 || total
---------------------------+-------+-------++-------
  Melee: War axe           |   104 |    76 ||   180
    Use: Scroll            |     5 |     9 ||    14
         Potion            |     1 |       ||     1
 Armour: Scale mail        |    91 |    48 ||   139
  Dodge: Dodged            |    60 |    32 ||    92
  Block: Buckler           |    16 |    15 ||    31

Table legend:
 A = Non-vault XP
 B = Vault XP
 C = Vault XP percentage of total XP
 D = Non-vault monster count
 E = Vault monster count
 F = Vault count percentage of total count
                 A         B        C        D         E       F
            +---------+---------+-------+---------+---------+-------
      Total |     345 |       8 |   2.3 |      61 |       6 |   9.0
            +---------+---------+-------+---------+---------+-------
        D:1 |      32 |       6 |  15.8 |      19 |       4 |  17.4
        D:2 |     173 |       0 |   0.0 |      19 |       0 |   0.0
        D:3 |      30 |       2 |   6.2 |      17 |       2 |  10.5
        D:4 |       6 |       0 |   0.0 |       3 |       0 |   0.0
        D:7 |     104 |       0 |   0.0 |       3 |       0 |   0.0
            +---------+---------+-------+---------+---------+-------
